 Dungeon Crawl Stone Soup version 0.29.1-4-g47bece8355 (webtiles) character file.

Game seed: 13733341253699709506

71 croobank the Conjurer (level 4, -3/31 HPs)
             Began as a Demonspawn Conjurer on Dec 10, 2022.
             Slain by Terence
             ... wielding a +0 short sword
              (5 damage)
             ... on level 3 of the Dungeon.
             The game lasted 00:05:36 (2065 turns).

croobank the Conjurer (Demonspawn Conjurer)         Turns: 2065, Time: 00:05:37

Health: -3/31      AC:  4    Str:  7    XL:     4   Next: 5%
Magic:  3/7        EV: 12    Int: 22    God:
Gold:   96         SH:  0    Dex: 11    Spells: 2/8 levels left

rFire   . . .      SeeInvis .   g - +0 short sword (venom)
rCold   . . .      Faith    .   (no shield)
rNeg    . . .      Spirit   .   a - +2 robe
rPois   .          Reflect  .   (no helmet)
rElec   .          Harm     .   (no cloak)
rCorr   .          Rampage  .   (no gloves)
Will    .....                   (no boots)
Stlth   ++........              (no amulet)
HPRegen 0.10/turn               (no ring)
MPRegen 0.10/turn               (no ring)

@: no status effects
A: demonic magic 2
a: no special abilities


You were on level 3 of the Dungeon.
You visited 1 branch of the dungeon, and saw 3 of its levels.

You collected 96 gold pieces.

Inventory:

Hand Weapons
 d - a +0 hand axe
 g - a +0 short sword of venom (weapon)
Armour
 a - a +2 robe (worn)
Magical Staves
 j - a staff of death
Scrolls
 e - a scroll of brand weapon {unknown}
 f - a scroll of enchant armour
 h - a scroll of butterflies {unknown}
 l - 2 scrolls of teleportation {unknown}
Potions
 b - a potion of magic
 c - a potion of invisibility
 i - a potion of berserk rage {unknown}
 k - a potion of brilliance {unknown}
 m - a potion of degeneration {unknown}
 n - a potion of mutation {unknown}


   Skills:
 + Level 0.7 Fighting
 + Level 2.4 Dodging
 + Level 2.5 Stealth
 + Level 2.6 Spellcasting
 + Level 4.3 Conjurations


You had 2 spell levels left.
You knew the following spells:

 Your Spells              Type           Power      Damage    Failure   Level
a - Magic Dart            Conj           88%        1d7       2%          1
b - Searing Ray           Conj           44%        2d6       3%          2
c - Dazzling Flash        Conj/Hex       24%        N/A       16%         3

Your spell library contained the following spells:

 Spells                   Type           Power      Damage    Failure   Level
 Static Discharge         Conj/Air       12%        3-5/arc   8%          2
 Fulminant Prism          Conj/Hex       6%         3d7       45%         4
 Iskenderun's Mystic Bla  Conj/Tloc      12%        2d5       45%         4
 Lightning Bolt           Conj/Air       6%         1d18      82%         5
 Maxwell's Capacitive Co  Air            1%         ∞         100%        8


Dungeon Overview and Level Annotations

Branches:
Dungeon (3/15)

Altars:

Annotations:
D:3 Terence


Innate Abilities, Weirdness & Mutations

Spells you cast may paralyse nearby enemies.


Message History

Unknown command.
You barely miss something. Something hits you.
You miss something. Something hits you but does no damage.
You hit something but do no damage. Something hits you but does no damage.
You miss something. Something hits you.
You closely miss something. Something hits you but does no damage.
You miss something. Something hits you!
You hit something but do no damage. Something hits you but does no damage.
Casting: Searing Ray (safe; 3% risk of failure)
Confirm with . or Enter, or press ? or * to list all spells.
You can't see any susceptible monsters within range! (Use Z to cast anyway.)
Casting: Searing Ray (safe; 3% risk of failure)
Confirm with . or Enter, or press ? or * to list all spells.
Aiming: Searing Ray (safe; 3% risk of failure)
Press: ? - help, Shift-Dir - straight line (Press . to maintain the ray.) Malevolent energies surge around you.
Something hits you.
The searing ray hits something but does no damage.
Something hits you.
* * * LOW HITPOINT WARNING * * *
Magic courses through your body. Something hits you.
* * * LOW HITPOINT WARNING * * *
Casting: Searing Ray (safe; 3% risk of failure)
Confirm with . or Enter, or press ? or * to list all spells.
Aiming: Searing Ray (safe; 3% risk of failure)
Press: ? - help, Shift-Dir - straight line The searing ray hits something. (Press . to maintain the ray.) Malevolent energies surge around you.
Something hits you.
* * * LOW HITPOINT WARNING * * *
Casting: Searing Ray (safe; 3% risk of failure)
Confirm with . or Enter, or press ? or * to list all spells.
Casting: Dazzling Flash (quite dangerous; 16% risk of failure)
Press: ? - help, Dir - look around, f - activate Malevolent energies surge around you.
You hit something but do no damage. You hit something. Something hits you.
* * * LOW HITPOINT WARNING * * *
You hit something but do no damage. Something hits you.
You die... ###########.# #.{@.<......# #.########### #. #. #. #. .. #.

There were no monsters in sight!

Vanquished Creatures
  Jessica (D:2)
  A worm (D:2)
  3 dart slugs
  6 bats
  An endoplasm (D:2)
  2 giant cockroaches
  6 goblins
  2 hobgoblins
  3 jackals (D:1)
  3 ball pythons
  A frilled lizard (D:1)
  2 kobolds (D:2)
  4 rats
35 creatures vanquished.

Notes
Turn   | Place    | Note
-------+----------+-------------------------------------------
     0 | D:1      | croobank the Demonspawn Conjurer began the quest for the
                  | Orb.
     0 | D:1      | Reached XP level 1. HP: 13/13 MP: 3/3
   514 | D:1      | Gained mutation: Spells you cast may paralyse adjacent
                  | enemies. [demonic ancestry]
   514 | D:1      | Reached XP level 2. HP: 19/19 MP: 3/5
   517 | D:1      | Learned a level 2 spell: Searing Ray
   980 | D:1      | Found a faded altar of an unknown god.
  1255 | D:2      | Reached XP level 3. HP: 20/24 MP: 3/6
  1341 | D:2      | Learned a level 3 spell: Dazzling Flash
  1802 | D:2      | Noticed Jessica
  1811 | D:2      | Killed Jessica
  1813 | D:2      | Gained mutation: Spells you cast may paralyse nearby
                  | enemies. [demonic ancestry]
  1813 | D:2      | Reached XP level 4. HP: 22/31 MP: 2/7
  2043 | D:3      | Noticed Terence
  2065 | D:3      | Slain by Terence

Illustrated notes

Levels and vault maps discovered:
D:1:      mrwooster_arrival_arrow, layout_basic,
          shapermc_ecumenical_altar_mp_vishouse
D:2:      layout_basic, uniq_jessica
D:3:      layout_basic, minitemple, hangedman_feature_mirror, st_stairs_2,
          grunt_ministairs_11, serial_park_tiny_1, kennysheep_nub,
          minmay_fractal_squares_gapless_5, uniq_terence

Skill      XL: |  1 |
---------------+----+-----
Stealth        | 2 |  2.5
Dodging        | 2 |  2.4
Fighting       | |  0.7
Spellcasting   | |  2.6
Conjurations   | |  4.3

Action                   |  1- 3 |  4- 6 || total
-------------------------+-------+-------++-------
Melee: Short sword       |    28 |    16 ||    44
       Hand axe          |     1 |       ||     1
 Cast: Magic Dart        |    17 |     4 ||    21
       Searing Ray       |    12 |     3 ||    15
       Dazzling Flash    |       |     1 ||     1
  Use: Scroll            |       |     2 ||     2
       Potion            |       |     1 ||     1
 Stab: Sleeping          |     5 |       ||     5
       Paralysed         |     4 |       ||     4
Armor: Robe              |     7 |     6 ||    13
Dodge: Dodged            |    21 |     2 ||    23
